 Dungeon Crawl Stone Soup version 0.29-a0-334-gb41bcbb86e (webtiles) character file.

Game seed: 12023129288860662348

1139 croobank the Shield-Bearer (level 8, -11/71 HPs)
             Began as a Minotaur Fighter on Apr 14, 2022.
             Killed from afar by Ijyb (36 damage)
             ... with a bolt of acid
             ... on level 5 of the Dungeon.
             The game lasted 00:11:50 (4202 turns).

croobank the Shield-Bearer (Minotaur Fighter)       Turns: 4202, Time: 00:11:50

Health: -11/71     AC: 12    Str: 24    XL:     8   Next: 14%
Magic:  7/7        EV:  6    Int:  5    God:
Gold:   205        SH: 10    Dex:  9    Spells: 7/7 levels left

rFire   . . .      SeeInvis .   a - +1 war axe
rCold   + . .      Faith    .   c - +0 buckler
rNeg    . . .      Spirit   .   m - +3 plate armour
rPois   .          Reflect  +   (helmet restricted)
rElec   .          Harm     .   (no cloak)
rCorr   .          Rampage  .   (no gloves)
Will    .....                   (no boots)
Stlth   ..........              g - amulet of reflection
HPRegen 0.21/turn               h - ring of protection from cold
MPRegen 0.10/turn               (no ring)

@: about to teleport, corroded
A: horns 2, retaliatory headbutt
a: no special abilities


You were on level 5 of the Dungeon.
You visited 1 branch of the dungeon, and saw 5 of its levels.

You collected 205 gold pieces.

Inventory:

Hand Weapons
 a - a +1 war axe (weapon)
 f - a +0 long sword
 r - a +0 dagger
Missiles
 e - 117 stones
 u - 9 poisoned darts (quivered)
Armour
 b - a +0 scale mail
 c - a +0 buckler (worn)
 i - a +4 ring mail
 k - a +0 chain mail
 m - a +3 plate armour (worn)
Jewellery
 g - an amulet of reflection (around neck)
 h - a ring of protection from cold (left hand)
Scrolls
 j - 2 scrolls of teleportation
 n - a scroll of magic mapping
 t - a scroll of blinking {unknown}
 w - a scroll of fear {unknown}
Potions
 d - a potion of mutation {unknown}
 l - 2 potions of flight
 p - a potion of heal wounds {unknown}
 q - a potion of brilliance {unknown}
 s - a potion of berserk rage {unknown}
 v - a potion of haste {unknown}


   Skills:
 + Level 6.8 Fighting
 + Level 6.2 Axes
 + Level 6.7 Armour
 + Level 6.8 Shields


You had 7 spell levels left.
You didn't know any spells.
Your spell library contained the following spells:

 Spells                   Type           Power      Damage    Failure   Level
 Corpse Rot               Necr/Air       0%         N/A       100%        2
 Ensorcelled Hibernation  Hex/Ice        0%         N/A       100%        2
 Passwall                 Tmut/Erth      0%         N/A       100%        2
 Poisonous Vapours        Pois/Air       0%         N/A       100%        2
 Ignite Poison            Fire/Tmut/Pois 0%         N/A       100%        3
 Mephitic Cloud           Conj/Pois/Air  0%         N/A       100%        3
 Swiftness                Air            0%         N/A       100%        3
 Freezing Cloud           Conj/Ice/Air   0%         6-21      100%        5


Dungeon Overview and Level Annotations

Branches:
Dungeon (5/15)             Temple (0/1) D:5

Altars:
Dithmenos

Annotations:
D:5 Ijyb


Innate Abilities, Weirdness & Mutations

You have a pair of horns on your head.
You reflexively headbutt those who attack you in melee.


Message History

You hit the orc. Ijyb hits you with a +0 club.
The orc hits you but does no damage. Ijyb hits you but does no damage.
The orc hits you with a +0 mace.
Unknown command.
You closely miss Ijyb.
Ijyb is heavily wounded.
You hit the orc.
You kill the orc!
You hit the orc wizard but do no damage.
Ijyb hits you but does no damage. You block the orc wizard's attack.
Unknown command.
You hit Ijyb but do no damage.
Ijyb is heavily wounded.
You hit the orc wizard but do no damage.
Ijyb barely misses you. The orc wizard casts a spell at you.
You resist with some effort.
Unknown command.
You slash Ijyb!
Ijyb is almost dead.
You hit the orc wizard but do no damage.
Ijyb screams, "I cut your head off!"
Ijyb zaps a wand.
The bolt of acid hits you!!
* * * LOW HITPOINT WARNING * * *
The acid corrodes you!
The orc wizard hits you with a +0 dagger.
* * * LOW HITPOINT WARNING * * *
You barely miss Ijyb.
Ijyb is almost dead.
You barely miss the orc wizard. Ijyb hits you but does no damage.
The orc wizard hits you but does no damage.
Ijyb hits you but does no damage. The orc wizard casts a spell at you.
You are confused.
You feel better. You block Ijyb's attack.
The orc wizard hits you with a +0 dagger.
As you read the scroll of teleportation, it crumbles to dust.
You feel strangely unstable.
Ijyb zaps a wand.
The bolt of acid hits you!!!
Ouch! That really hurt!
You die...

#.....≈≈≈≈≈≈≈≈≈..
##.......≈≈≈≈≈.....
...................
..................
................#
................#
.........†......###
..................##
...........†@g......
#<.......[.....o)......
##..................#<..
...................?....
.<....####............#
.....#####............#
...........##.........#
....####..###.......>.#
..†.####..........?..


You could see Ijyb and an orc wizard.

Vanquished Creatures
  Grinder (D:4)
  Sigmund (D:2)
  A sky beast (D:4)
  A necrophage (D:5)
  2 scorpions
  5 hounds
  2 jellies (D:4)
  2 iguanas
  10 gnolls
  6 adders
  2 ufetubi
  3 worms
  A dart slug (D:2)
  10 orcs
  7 bats
  5 endoplasms
  A giant cockroach (D:4)
  6 hobgoblins
  5 quokkas
  10 ball pythons
  6 frilled lizards
  9 goblins
  3 kobolds
  7 rats
106 creatures vanquished.

Vanquished Creatures (others)
  A kobold (D:3)
  4 plants (D:4)
5 creatures vanquished.

Grand Total: 111 creatures vanquished

Notes
Turn   | Place    | Note
-------+----------+-------------------------------------------
     0 | D:1      | croobank the Minotaur Fighter began the quest for the Orb.
     0 | D:1      | Reached XP level 1. HP: 19/19 MP: 0/0
   485 | D:1      | Found a faded altar of an unknown god.
   537 | D:1      | Reached XP level 2. HP: 27/27 MP: 1/1
  1066 | D:2      | Reached XP level 3. HP: 33/33 MP: 2/2
  1211 | D:2      | Found a shadowy altar of Dithmenos.
  1378 | D:2      | Reached XP level 4. HP: 40/40 MP: 3/3
  1582 | D:2      | Noticed Sigmund
  1598 | D:2      | Killed Sigmund
  1599 | D:2      | Reached skill level 5 in Armour
  1599 | D:2      | Reached skill level 5 in Shields
  1599 | D:2      | Reached XP level 5. HP: 47/47 MP: 4/4
  1665 | D:2      | Reached skill level 5 in Fighting
  2121 | D:3      | Reached XP level 6. HP: 56/56 MP: 5/5
  2934 | D:4      | Reached skill level 5 in Axes
  3020 | D:4      | Reached XP level 7. HP: 62/62 MP: 6/6
  3213 | D:4      | Noticed Grinder
  3213 | D:4      | Paralysed by Grinder for 2 turns
  3233 | D:4      | Killed Grinder
  4120 | D:5      | Entered Level 5 of the Dungeon
  4155 | D:5      | Reached XP level 8. HP: 71/71 MP: 7/7
  4174 | D:5      | Found a staircase to the Ecumenical Temple.
  4183 | D:5      | Noticed Ijyb
  4202 | D:5      | Killed from afar by Ijyb

Illustrated notes

Levels and vault maps discovered:
D:1:      psy_arrival_heroes, layout_loops_ring, ebering_ecumenical_altar_webs
D:2:      layout_loops_ring, basic_altar, minmay_mini_jars, uniq_sigmund
D:3:      minmay_wonky_spiral, layout_basic
D:4:      layout_basic, serial_forest, infiniplex_forest_clump_tiny,
          infiniplex_forest_straight_3, infiniplex_forest_corner_2,
          infiniplex_forest_lined_room_, infiniplex_forest_diagonal,
          infiniplex_forest_lined_corner, corexii_leaking_fountain, uniq_grinder
D:5:      kb_forest_paths, layout_rooms, temple_pool_b, uniq_ijyb

Skill      XL: |  1  2  3  4  5  6  7 |
---------------+----------------------+-----
Fighting       | 4 5 6 |  6.8
Axes           | 3 4 5 6 |  6.2
Armour         | 4 5 6 |  6.7
Shields        | 4 5 6 |  6.8

Action                   |  1- 3 |  4- 6 |  7- 9 || total
-------------------------+-------+-------+-------++-------
Melee: War axe           |    76 |    81 |    92 ||   249
       Headbutt          |    10 |    14 |    18 ||    42
Throw: Dart              |       |       |     8 ||     8
  Use: Scroll            |     5 |     8 |     3 ||    16
       Potion            |       |     2 |     1 ||     3
Armor: Scale mail        |    11 |       |       ||    11
       Ring mail         |    34 |    34 |     8 ||    76
       Plate armour      |       |       |    47 ||    47
Dodge: Dodged            |    46 |    46 |    35 ||   127
Block: Buckler           |    16 |    33 |    62 ||   111
       Reflection        |       |     2 |       ||     2

Table legend: (Time is in decaauts)
 A = Elapsed time spent in this place.
 B = Non-inter-level travel time spent in this place.
 C = Inter-level travel time spent in this place.
 D = Time resting spent in this place.
 E = Time spent auto-exploring this place.
 F = Levels seen in this place.
 G = Mean time per level.
                   A        B        C        D        E       F      G
               +--------+--------+--------+--------+--------+-----+--------+
         Total |   4282 |   4167 |    115 |    399 |   2798 |   5 |  856.4 |
       Dungeon |   4282 |   4167 |    115 |    399 |   2798 |   5 |  856.4 |
               +--------+--------+--------+--------+--------+-----+--------+

Top non-repeatable levels by time:
     D:3: 1149 daAuts
     D:4: 1027 daAuts
     D:1: 1025 daAuts
     D:2: 989 daAuts
     D:5: 90 daAuts
